 Dungeon Crawl Stone Soup version 0.24-a0-769-g368c164 (webtiles) character file.

Game seed: 11213723090033234752, levelgen mode: deterministic

3985 BoppinsLewinski the Spear-Bearer (level 10, -1/77 HPs)
             Began as a Human Gladiator on Oct 7, 2019.
             Was an Initiate of Trog.
             Slain by a centaur (6 damage)
             ... on level 8 of the Dungeon.
             The game lasted 00:21:45 (10638 turns).

BoppinsLewinski the Spear-Bearer (Human Gladiator) Turns: 10638, Time: 00:21:46

Health: -1/77      AC: 15    Str: 18    XL:     10   Next: 46%
Magic:  13/13      EV:  7    Int:  9    God:    Trog [......]
Gold:   367        SH:  0    Dex: 14    Spells: 9/9 levels left

rFire    . . .     SeeInvis +   s - +0 scythe
rCold    . . .     Gourm    .   (shield currently unavailable)
rNeg     . . .     Faith    .   r - +0 plate armour
rPois    .         Spirit   .   c - +0 helmet
rElec    .         Reflect  .   (no cloak)
rCorr    .         Harm     .   (no gloves)
MR       .....                  w - +1 pair of boots
Stlth    ..........             (no amulet)
HPRegen  0.22/turn              (no ring)
MPRegen  0.13/turn              A - ring of see invisible

@: no status effects
A: no striking features
a: Renounce Religion


You were on level 8 of the Dungeon.
You worshipped Trog.
Trog was noncommittal.
You were hungry.

You visited 1 branch of the dungeon, and saw 8 of its levels.

You collected 367 gold pieces.

Inventory:

Hand Weapons
 s - a +0 scythe (weapon)
 z - a +0 trident of freezing
Armour
 c - a +0 helmet (worn)
 r - a +0 plate armour (worn)
 w - a +1 pair of boots (worn)
Jewellery
 A - a ring of see invisible (right hand)
Wands
 d - a wand of paralysis (4)
 g - a wand of polymorph (4)
 n - a wand of clouds (2)
 u - a wand of random effects (7)
 y - a wand of disintegration (11)
Scrolls
 b - a scroll of magic mapping
 e - 5 scrolls of remove curse
 i - 3 scrolls of teleportation
 j - a scroll of blinking
 k - a scroll of fog
 l - a scroll of fear
 m - a scroll of immolation
 o - 2 scrolls of enchant armour
 t - a scroll of enchant weapon {unknown}
Comestibles
 a - 4 chunks of flesh
 f - 20 rations


   Skills:
 * Level 6.5 Fighting
 + Level 11.0 Polearms
 - Level 2.0 Throwing
 + Level 4.1 Armour
 + Level 5.2 Dodging
 + Level 4.1 Evocations


You had 9 spell levels left.
You didn't know any spells.
Your spell library contained the following spells:

 Spells                   Type           Power        Failure   Level  Hunger
 Animate Skeleton         Necr           N/A          100%        1    ##.....
 Confusing Touch          Hex            #.....       100%        1    ##.....
 Magic Dart               Conj           #...         100%        1    ##.....
 Pain                     Necr           #...         100%        1    ##.....
 Blink                    Tloc           N/A          100%        2    ###....
 Call Imp                 Summ           #.......     100%        2    ###....
 Slow                     Hex            #.......     100%        2    ###....
 Confuse                  Hex            #.......     100%        3    ####...
 Conjure Flame            Conj/Fire      #.......     100%        3    ####...
 Gell's Gravitas          Tloc           #.........   100%        3    ####...
 Mephitic Cloud           Conj/Pois/Air  #.......     100%        3    ####...
 Regeneration             Chrm/Necr      #.........   100%        3    ####...
 Vampiric Draining        Necr           #.........   100%        3    ####...
 Animate Dead             Necr           N/A          100%        4    #####..
 Petrify                  Tmut/Erth      #.......     100%        4    #####..
 Metabolic Englaciation   Hex/Ice        #.........   100%        5    ######.
 Yara's Violent Unravell  Hex/Tmut       #.........   100%        5    ######.


Dungeon Overview and Level Annotations

Branches:
Dungeon (8/15)             Temple (0/1) D:6
   Lair: D:8-11

Altars:
Cheibriados
Dithmenos
Qazlal
Ru
Sif Muna
Trog
Zin

Annotations:
D:7 1 exclusion


Message History

Tha centaur hits ye.
* * * LOW HITPOINT WARNIN'
* * * Tha centaur hits ye.
* * * LOW HITPOINT WARNIN'
* * * Unknown command.
Ye hit tha centaur but do nay damage.
Tha centaur barely misses ye.
Tha centaur hits ye but does nay damage.
Unknown command.
Ye slash tha centaur!
Tha centaur be severely wounded.
Tha centaur hits ye but does nay damage.
A hound comes inta view.
Tha centaur hits ye but does nay damage.
Tha hound barks!
Tha centaur hits ye but does nay damage.
Unknown command.
Ye barely miss tha centaur.
Tha centaur be severely wounded.
Tha centaur hits ye.
Ye die...
PP

#........
....###...#...>
P.........# #
P#.##.#...#
#.#...### # .
#.....#.# ##
#####.#.#
######ch.#
#...##@###
#.#.##(#
####.#..รท.#
#....######
#.#### ###
#...# #<#
###.#####.#
#.##....#
#.##.####


You could see a centaur and a hound.

Vanquished Creatures
  Sigmund (D:3)
  A human (D:7)
  4 hogs (D:7)
  Eustachio (D:4)
  A porcupine (D:8)
  2 orc warriors
  2 ice beasts
  4 sky beasts
  2 black bears
  3 wolves (D:8)
  2 centaurs
  A big kobold (D:7)
  A bullfrog (D:6)
  Blork the orc (D:4)
  2 scorpions
  2 crimson imps
  8 orc priests
  A hound (D:7)
  Ijyb (D:4)
  Jessica (D:2)
  An iguana (D:8)
  9 orc wizards
  6 worker ants
  Terence (D:2)
  A hound zombie (D:5)
  A hound skeleton (D:7)
  Robin (D:3)
  11 gnolls
  9 adders
  An ooze (D:2)
  An adder skeleton (D:4)
  5 worms
  3 dart slugs (D:1)
  9 leopard geckos
  42 orcs
  5 ball pythons
  9 bats
  5 giant cockroaches
  11 goblins
  12 hobgoblins
  4 jackals
  3 quokkas
  3 frilled lizards
  A jackal skeleton (D:4)
  19 kobolds
  A quokka skeleton (D:6)
  11 rats
226 creatures vanquished.

Vanquished Creatures (others)
  A bush (D:8)
  4 fungi (D:8)
  3 plants (D:8)
8 creatures vanquished.

Grand Total: 234 creatures vanquished

Notes
Turn   | Place    | Note
-------+----------+-------------------------------------------
     0 | D:1      | BoppinsLewinski the Human Gladiator began the quest for the
                  | Orb.
     0 | D:1      | Reached XP level 1. HP: 16/16 MP: 1/1
    98 | D:1      | Reached XP level 2. HP: 16/22 MP: 2/2
   719 | D:1      | Reached skill level 4 in Polearms
   719 | D:1      | Reached XP level 3. HP: 23/27 MP: 3/3
  1118 | D:2      | Reached XP level 4. HP: 33/33 MP: 4/4
  1173 | D:2      | Reached skill level 5 in Polearms
  1347 | D:2      | Reached XP level 5. HP: 25/38 MP: 5/5
  1705 | D:2      | Noticed Jessica
  1709 | D:2      | Killed Jessica
  1709 | D:2      | Reached skill level 6 in Polearms
  1729 | D:2      | Found a shadowy altar of Dithmenos.
  1910 | D:2      | Found a sacrificial altar of Ru.
  1910 | D:2      | Found a glowing silver altar of Zin.
  1943 | D:2      | Noticed Terence
  1953 | D:2      | Killed Terence
  1953 | D:2      | Reached XP level 6. HP: 27/44 MP: 6/6
  2834 | D:3      | Reached skill level 7 in Polearms
  2996 | D:3      | Reached XP level 7. HP: 48/50 MP: 7/7
  3450 | D:3      | Found a faded altar of an unknown god.
  3646 | D:3      | Noticed Sigmund
  3687 | D:3      | Killed Sigmund
  3687 | D:3      | Reached skill level 8 in Polearms
  3891 | D:3      | Noticed Robin
  3897 | D:3      | Killed Robin
  4606 | D:4      | Noticed Eustachio
  4624 | D:4      | Killed Eustachio
  4624 | D:4      | Reached skill level 9 in Polearms
  4624 | D:4      | Reached XP level 8. HP: 14/56 MP: 8/8
  5474 | D:4      | Noticed Ijyb
  5498 | D:4      | Killed Ijyb
  5999 | D:4      | Found a stormy altar of Qazlal.
  6062 | D:4      | Noticed Blork the orc
  6095 | D:4      | Killed Blork the orc
  6097 | D:4      | Found a shimmering blue altar of Sif Muna.
  6205 | D:5      | Entered Level 5 of the Dungeon
  6214 | D:5      | Reached skill level 10 in Polearms
  6510 | D:5      | Reached skill level 1 in Armour
  6947 | D:5      | Found a snail-covered altar of Cheibriados.
  6951 | D:5      | Reached skill level 1 in Evocations
  7033 | D:6      | Reached XP level 9. HP: 48/63 MP: 9/9
  8416 | D:6      | Found a staircase to the Ecumenical Temple.
  8918 | D:7      | HP: 3/66 [orc priest/divine providence (15)]
  9363 | D:7      | Reached skill level 5 in Fighting
  9364 | D:7      | Reached XP level 10. HP: 74/74 MP: 10/12
  9492 | D:7      | Found a bloodstained altar of Trog.
  9567 | D:7      | Became a worshipper of Trog the Wrathful
  9666 | D:7      | Reached skill level 5 in Dodging
 10558 | D:8      | Reached skill level 11 in Polearms
 10563 | D:8      | HP: 1/77 [iguana (5)]
 10638 | D:8      | Slain by a centaur

Levels and vault maps discovered:
D:1:      wheals_arrival_linesprint, layout_basic, serial_forest,
          infiniplex_forest_corner_2, infiniplex_forest_lined_room_2,
          infiniplex_forest_straight_4, infiniplex_forest_lined_room_2,
          infiniplex_forest_clump_double, infiniplex_forest_split,
          infiniplex_forest_straight_3, infiniplex_forest_lined_room_3
D:2:      layout_loops_cross, old_standard_altar,
          amethyst_overflow_temple_binary, uniq_terence, uniq_jessica
D:3:      layout_loops_corners, chequers_ecumenical_altar_simple, first_ration,
          uniq_robin, uniq_sigmund
D:4:      layout_rooms, tgw_sif, nicolae_qazlal_eye_of_the_storm,
          uniq_eustachio, uniq_ijyb
D:5:      layout_loops_ring, slow_altar_2
D:6:      corexii_shack_village, layout_loops_ring,
          minmay_temple_entry_from_below_b, chequers_serial_rivers_micro_a
D:7:      layout_basic, kennysheep_flooded_box, grunt_livestock
D:8:      layout_basic, yredelemnul_altar_generic, minmay_lair_entry_grove,
          uniq_psyche

Skill      XL: |  1  2  3  4  5  6  7  8  9 10 |
---------------+-------------------------------+-----
Polearms       | 4 5 6 7 9 10 11 | 11.0
Armour         | 1 3 4 |  4.1
Evocations     | 1 3 4 |  4.1
Fighting       | 3 5 6 |  6.5
Dodging        | 4 5 |  5.2
Throwing       | |  2.0

Action                   |  1- 3 |  4- 6 |  7- 9 | 10-12 || total
-------------------------+-------+-------+-------+-------++-------
Melee: Trident           |    96 |   145 |    84 |       ||   325
       Scythe            |       |       |   447 |   146 ||   593
       Unarmed           |       |       |     2 |       ||     2
Throw: Throwing net      |     3 |     4 |     4 |     1 ||    12
Evoke: Wand              |       |     2 |    15 |       ||    17
  Use: Potion            |       |     2 |    13 |       ||    15
       Scroll            |       |       |     2 |     9 ||    11
 Stab: Sleeping          |     2 |       |       |       ||     2
       Invisible         |       |       |     2 |       ||     2
  Eat: Chunk             |       |     7 |    10 |     5 ||    22
       Ration            |       |       |     3 |       ||     3
Armor: Leather armour    |    21 |       |       |       ||    21
       Scale mail        |     3 |    38 |    42 |       ||    83
       Chain mail        |       |       |   220 |       ||   220
       Plate armour      |       |       |   124 |   145 ||   269
Dodge: Dodged            |    46 |    60 |   263 |    90 ||   459

Table legend:
 A = Non-vault XP
 B = Vault XP
 C = Vault XP percentage of total XP
 D = Non-vault monster count
 E = Vault monster count
 F = Vault count percentage of total count
                 A         B        C        D         E       F
            +---------+---------+-------+---------+---------+-------
      Total |    3410 |    2283 |  40.1 |     186 |      40 |  17.7
            +---------+---------+-------+---------+---------+-------
        D:1 |      59 |       0 |   0.0 |      30 |       0 |   0.0
        D:2 |     285 |      69 |  19.5 |      29 |       2 |   6.5
        D:3 |     212 |     263 |  55.4 |      28 |      13 |  31.7
        D:4 |     308 |     321 |  51.0 |      26 |       3 |  10.3
        D:5 |     420 |       5 |   1.2 |      12 |       1 |   7.7
        D:6 |     798 |      24 |   2.9 |      29 |      11 |  27.5
        D:7 |    1211 |     969 |  44.4 |      29 |       5 |  14.7
        D:8 |     117 |     632 |  84.4 |       3 |       5 |  62.5
            +---------+---------+-------+---------+---------+-------
